 Dungeon Crawl Stone Soup version 0.26.1-11-gd32895ea62 (webtiles) character file.

Game seed: 14036760972041911208

67 Zeld the Chopper (level 4, -10/39 HPs)
             Began as a Minotaur Berserker on May 25, 2021.
             Was a Follower of Trog.
             Mangled by a gnoll
             ... wielding a +0 flail
              (13 damage)
             ... on level 2 of the Dungeon.
             The game lasted 00:01:18 (1321 turns).

Zeld the Chopper (Minotaur Berserker)               Turns: 1321, Time: 00:01:19

Health: -10/39     AC:  1    Str: 22    XL:     4   Next: 0%
Magic:  3/3        EV: 12    Int:  4    God:    Trog [*.....]
Gold:   43         SH:  0    Dex: 10    Spells: 3/3 levels left

rFire    . . .     SeeInvis .   a - +0 hand axe
rCold    . . .     Faith    .   (no shield)
rNeg     . . .     Spirit   .   (no armour)
rPois    .         Reflect  .   (helmet restricted)
rElec    .         Harm     .   (no cloak)
rCorr    .         Rampage  .   j - +0 pair of gloves
Will     .....                  (no boots)
Stlth    +.........             (no amulet)
HPRegen  0.13/turn              (no ring)
MPRegen  0.08/turn              (no ring)

@: berserk cooldown, slowed, very slow
A: retaliatory headbutt, horns 2
a: Renounce Religion, Berserk


You were on level 2 of the Dungeon.
You worshipped Trog.
Trog was aware of your devotion.
You visited 1 branch of the dungeon, and saw 2 of its levels.

You collected 43 gold pieces.

Inventory:

Hand Weapons
 a - a +0 hand axe (weapon)
Armour
 j - a +0 pair of gloves (worn)
Jewellery
 c - an uncursed ring of stealth {unknown}
 h - a +6 ring of intelligence {unknown}
 n - an uncursed ring of willpower {unknown}
Scrolls
 d - a scroll of teleportation {unknown}
 e - 3 scrolls of identify {unknown}
 f - 2 scrolls of amnesia {unknown}
 g - 2 scrolls of remove curse {unknown}
 l - 2 scrolls of blinking {unknown}
Potions
 b - a potion of cancellation {unknown}
 i - a potion of lignification {unknown}
 k - a potion of mutation {unknown}
 m - a potion of haste {unknown}
 o - a potion of degeneration {unknown}
 p - a potion of heal wounds {unknown}
 q - a potion of berserk rage {unknown}


   Skills:
 - Level 3.6 Fighting
 * Level 5.9 Axes
 - Level 2.4 Armour
 - Level 2.1 Dodging


You had 3 spell levels left.
You didn't know any spells.
Your spell library was empty.

Dungeon Overview and Level Annotations

Branches:
Dungeon (2/15)

Altars:


Innate Abilities, Weirdness & Mutations

You reflexively headbutt those who attack you in melee.
You have a pair of horns on your head.


Message History

You start resting.
A gnoll comes into view. It is wielding a +0 flail.
A gnoll is nearby!
A gnoll is nearby!
The gnoll shouts!
You hear a shout!
A frilled lizard comes into view.
You hear an angry hiss.
A gnoll comes into view.
The gnoll shouts!
You hear an angry hiss.
The gnoll drinks a potion.
The gnoll flickers and vanishes!
Deactivating autopickup; reactivate with Ctrl-A.
The gnoll hits you. Something hits you!
A rat comes into view.
The gnoll barely misses you. The gnoll hits you.
The rat moves out of view.
A goblin comes into view. It is wielding a +0 dagger.
Something hits you!
* * * LOW HITPOINT WARNING * * *
There is a stone staircase leading up here.
Something hits you!
You die...

##### #.g.# #.#@#
#g######
##############l.....#####
..................#.....#
#################.#.....#
#†.)....# #..........#
#..g##.....# #.#.#
.......


You could see a gnoll.

Vanquished Creatures
  Terence (D:2)
  A gnoll (D:2)
  An ooze (D:1)
  2 dart slugs (D:1)
  A leopard gecko (D:2)
  A giant cockroach (D:1)
  A goblin (D:1)
  3 hobgoblins (D:1)
  2 bats
  6 frilled lizards
  5 kobolds
  4 rats
28 creatures vanquished.

Notes
Turn   | Place    | Note
-------+----------+-------------------------------------------
     0 | D:1      | Zeld the Minotaur Berserker began the quest for the Orb.
     0 | D:1      | Reached XP level 1. HP: 19/19 MP: 0/0
   176 | D:1      | Reached skill level 4 in Axes
   222 | D:1      | Reached XP level 2. HP: 21/26 MP: 1/1
   890 | D:1      | Reached skill level 5 in Axes
  1198 | D:2      | Reached XP level 3. HP: 28/31 MP: 2/2
  1244 | D:2      | Noticed Terence
  1256 | D:2      | Killed Terence
  1302 | D:2      | Reached XP level 4. HP: 27/39 MP: 3/3
  1321 | D:2      | Mangled by a gnoll

Illustrated notes

Levels and vault maps discovered:
D:1:      tarquinn_simple_flora_water_b, layout_basic
D:2:      layout_basic, uniq_terence

Skill      XL: |  1  2 |
---------------+-------+-----
Axes           | 4 5 |  5.9
Fighting       | |  3.6
Armour         | |  2.4
Dodging        | |  2.1

Action                   |  1- 3 |  4- 6 || total
-------------------------+-------+-------++-------
Melee: Hand axe          |    52 |       ||    52
       Headbutt          |     4 |       ||     4
Invok: Berserk           |     1 |       ||     1
Armor: Skin              |     1 |       ||     1
Dodge: Dodged            |    43 |     1 ||    44
